Cogmind - Beta 10.2 @@@ ROGUE MODE // 2021.03.11 @ 23:12:25 Player: BOTHUNTER Result: Destroyed by P-80 Master with Gamma Rifle Performance ------------- Evolutions (7) 3500 Regions Visited (15) 3000 Robots Destroyed (84) 420 Value Destroyed (2849) 2849 Prototype IDs (15) 300 Alien Tech Used (2) 400 Bonus (1391) 1391 TOTAL SCORE: 11860 Bonus ------- High Alert Combat Kills 240 Follower Combat Kills 151 Entered Garrisons 200 Used RIF Installer 500 Met Zhirov 300 Cogmind --------- Core Integrity 0/1300 Matter 216/300 Energy 100/100 System Corruption 6% Temperature Cool (0) Movement Core (100) Ox1 Location -3/Research Parts ------- > --- POWER (1) -------- (None) > --- PROPULSION (2) --- (None) > --- UTILITY (16) ----- (None) > --- WEAPON (2) ------- Heavy Machine Gun > --- INVENTORY (4) ---- Force Field Mapping Drone Bay (3/3) Advanced Datajack Peak State ------------ > --- POWER ------------ Micro Fission Core > --- PROPULSION ------- Impulse Thruster Impulse Thruster > --- UTILITY ---------- Small Storage Unit Advanced Weight Redist. System Enhanced Optical Array Experimental Signal Interpreter Target Analyzer Advanced Transmission Jammer Point Defense System Hacking Suite Hacking Suite System Shield System Shield Relay Coupler [NC] Relay Coupler [Swarmer] Relay Coupler [Grunt] > --- WEAPON ----------- Improved Datajack Force Lance > --- INVENTORY -------- VTOL Module Cooled VTOL Module Advanced Weight Redist. System Relay Coupler [NC] Relay Coupler [Swarmer] Relay Coupler [Duelist] [Rating: 80] Favorites ----------- Power Micro Fission Core Engine Light Ion Engine Power Core Micro Fission Core Reactor Light Antimatter Reactor Propulsion Cooled VTOL Module Flight Unit Cooled VTOL Module Utility System Shield Device Advanced Weight Redist. System Storage Small Storage Unit Processor Enhanced Optical Array Hackware System Shield Protection Experimental Power Shielding Weapon Power Sword Energy Gun Heavy Beamcaster Energy Cannon Disruptor Cannon Ballistic Gun Light Assault Rifle Ballistic Cannon Advanced Assault Cannon Launcher Heavy Rocket Launcher Special Weapon Remote Datajack Slashing Weapon Power Sword Piercing Weapon Force Lance Special Melee Weapon Datajack Build | -11 -10 -9 -8 -7 -7 -7 -6 -5 -5 -4 -4 -4 -4 -3 -3 ------- Run | Scr Mat Mat Mat Fac Was Fac Fac Fac Gar Fac Upp Upp Zhi Pro Res Slots Evolved 14 | . . 2 2 2 . . 2 2 . 2 . . . . 2 Power . | . . . . . . . . . . . . . . . . Propulsion . | . . . . . . . . . . . . . . . . Utility 14 | . . 2 2 2 . . 2 2 . 2 . . . . 2 Weapon . | . . . . . . . . . . . . . . . . Parts Attached 158 | 2 14 9 12 16 . 9 7 16 21 16 14 2 3 6 11 Power 13 | . 2 1 1 2 . . . 2 . 2 1 . . . 2 Engine 6 | . 2 1 1 1 . . . . . . . . . . 1 Core 5 | . . . . 1 . . . 2 . 1 1 . . . . Reactor 2 | . . . . . . . . . . 1 . . . . 1 Propulsion 25 | . 2 2 . 2 . . 2 5 3 4 2 . . 1 2 Treads . | . . . . . . . . . . . . . . . . Leg . | . . . . . . . . . . . . . . . . Wheel . | . . . . . . . . . . . . . . . . Hover . | . . . . . . . . . . . . . . . . Flight 25 | . 2 2 . 2 . . 2 5 3 4 2 . . 1 2 Utility 63 | . 5 . 8 6 . 4 3 6 6 8 6 2 2 4 3 Device 33 | . 1 . 5 4 . 2 . 4 2 3 5 1 . 4 2 Storage 4 | . 1 . 1 . . . . 1 1 . . . . . . Processor 9 | . 3 . 2 1 . . 1 1 . . . 1 . . . Hackware 16 | . . . . 1 . 2 2 . 3 5 1 . 1 . 1 Protection 1 | . . . . . . . . . . . . . 1 . . Artifact . | . . . . . . . . . . . . . . . . Weapon 57 | 2 5 6 3 6 . 5 2 3 12 2 5 . 1 1 4 Energy Gun 11 | 2 2 . . . . 1 . 1 . . 1 . 1 1 2 Energy Cannon 2 | . . . . . . . . . . . 2 . . . . Ballistic Gun 11 | . 2 4 1 1 . . . . . . 1 . . . 2 Ballistic Cannon 2 | . . . . 2 . . . . . . . . . . . Launcher 9 | . . 2 1 . . . . 1 5 . . . . . . Special Weapon 2 | . . . . . . 2 . . . . . . . . . Impact Weapon . | . . . . . . . . . . . . . . . . Slashing Weapon 14 | . 1 . 1 3 . 1 2 1 5 . . . . . . Piercing Weapon 2 | . . . . . . . . . . 1 1 . . . . Special Melee Weapon 4 | . . . . . . 1 . . 2 1 . . . . . Unidentified Prototypes 6 | . . . . 1 . . 1 1 . . . . 3 . . Parts Lost 55 | . 2 4 2 4 . . . 2 7 11 9 2 . . 12 Power 5 | . . 1 . 1 . . . . . 1 . 1 . . 1 Propulsion 14 | . . 2 2 . . . . . 1 2 3 1 . . 3 Utility 24 | . . . . 2 . . . 2 5 7 3 . . . 5 Weapon 12 | . 2 1 . 1 . . . . 1 1 3 . . . 3 Highest Loss Streak 8 | . 2 2 1 4 . . . 1 3 8 5 2 . . 8 Average Slot Usage (%) 70 | . 72 66 71 60 69 88 88 89 91 90 60 52 54 69 39 Engine 1 | . 9 10 8 2 . . . . . . . . . . . Core 2 | . . . . 2 7 7 4 4 5 4 1 1 . . . Flight 8 | . 19 22 8 10 15 15 12 10 7 9 5 1 . 4 3 Device 12 | . 6 . 21 8 7 18 17 21 20 10 6 10 10 16 8 Storage 4 | . 1 11 9 7 7 7 6 8 10 4 . . . . . Processor 13 | . 7 11 14 17 15 13 12 15 17 13 10 11 15 15 7 Hackware 18 | . . . . 1 7 13 25 19 18 36 30 26 26 31 14 Energy Gun 1 | . 13 . . . . . . . . . . . 1 . 1 Ballistic Gun 1 | . 12 11 3 1 . . . . . . 1 . . . 2 Slashing Weapon 2 | . . . 3 4 7 7 9 4 4 3 . . . . . Naked Turns 56 | . 1 . . . . . . . . . . . . . 55 Heaviest Build 25 | 4 9 8 15 16 13 19 20 24 25 19 16 7 7 7 22 Greatest Support 29 | 3 8 8 17 19 19 19 19 29 29 29 14 14 3 8 14 Greatest Overweight (x) 3 | 1 1 . 1 1 . 1 2 . 1 1 3 . 2 . 3 Average Overweight (x) . | . . . . . . . . . . . . . . . . Largest Inventory Capacity 8 | 4 6 6 8 6 6 6 6 6 6 6 4 4 4 4 4 Average Capacity 5 | 4 4 6 6 6 6 6 6 6 6 5 4 4 4 4 4 Most Carried 6 | . 6 6 6 6 6 6 6 6 6 6 4 4 4 4 4 Average Carried 4 | . 2 5 4 5 6 5 5 5 5 4 2 2 3 3 3 Final Capacity 6 | 4 6 6 6 6 6 6 6 6 6 4 4 4 4 4 4 Final Carried 6 | . 6 4 6 6 6 6 6 6 5 2 2 4 4 4 3 Class Distribution -------------------- 30% | Hacker-Mutant 16% | Wizard-Mutant 13% | Hacker-Scout 13% | Scavenger-Mutant 8% | Mutant 6% | Sprinter 5% | Hacker-Sprinter 3% | Bothacker-Mutant Dominant Class ---------------- Scavenger-Mutant | -10/Materials Scavenger-Mutant | -9/Materials Mutant | -8/Materials Sprinter | -7/Factory Sprinter | -7/Waste Sprinter | -7/Factory Hacker-Sprinter | -6/Factory Hacker-Scout | -5/Factory Hacker-Scout | -5/Garrison Bothacker-Mutant | -4/Factory Wizard-Mutant | -4/Upper Caves Hacker-Mutant | -4/Upper Caves Hacker-Mutant | -4/Zhirov Wizard-Mutant | -3/Proximity Caves Wizard-Mutant | -3/Research Resources | -11 -10 -9 -8 -7 -7 -7 -6 -5 -5 -4 -4 -4 -4 -3 -3 ----------- Run | Scr Mat Mat Mat Fac Was Fac Fac Fac Gar Fac Upp Upp Zhi Pro Res Matter Collected 2342 | 129 197 302 31 255 . . 25 219 553 201 168 35 96 28 103 Remotely . | . . . . . . . . . . . . . . . . Salvage Created 2678 | . 359 488 54 291 . 48 97 92 738 103 95 . 207 . 106 Parts 162 | . 36 30 4 8 . 1 10 11 33 9 8 . 2 . 10 Haulers Intercepted 5 | . 2 2 . 1 . . . . . . . . . . . Recyclers Shooed 4 | . . 2 . 1 . . . . . . . . . . 1 Parts Field Recycled . | . . . . . . . . . . . . . . . . Retrieved Matter . | . . . . . . . . . . . . . . . . Parts Self-Destructed 7 | . . . . . . . . . . . 7 . . . . Prevented 8 | . . . . . . . . . . . 8 . . . . Kills | -11 -10 -9 -8 -7 -7 -7 -6 -5 -5 -4 -4 -4 -4 -3 -3 ------- Run | Scr Mat Mat Mat Fac Was Fac Fac Fac Gar Fac Upp Upp Zhi Pro Res Combat Hostiles Destroyed 54 | . 6 9 1 3 . 1 1 4 23 . 4 . . . 2 Melee 16 | . . . . 1 . 1 1 . 11 . 2 . . . . Guns 14 | . 6 5 . 1 . . . . . . . . . . 2 Cannons 1 | . . . . 1 . . . . . . . . . . . AOE 23 | . . 4 1 . . . . 4 12 . 2 . . . . Classes Destroyed 13 | . 5 3 1 2 . 1 . . 1 . . . . . . Worker 14 | . 3 1 . 1 . . . 3 . 4 . . . . 2 Tunneler 1 | . . 1 . . . . . . . . . . . . . Hauler 5 | . 2 2 . 1 . . . . . . . . . . . Recycler 1 | . . . . 1 . . . . . . . . . . . Operator 3 | . . 1 . . . . 1 . . 1 . . . . . Watcher 6 | . 2 3 1 . . . . . . . . . . . . Swarmer 24 | . 3 . . . . . . 4 11 . 4 . . . 2 Grunt 23 | . 3 8 . 2 . . . . 10 . . . . . . Brawler 1 | . . . . 1 . . . . . . . . . . . Duelist 1 | . . . . . . . . . 1 . . . . . . Sentry 3 | . . 1 . . . . 1 . 1 . . . . . . Hunter 1 | . . . 1 . . . . . . . . . . . . Programmer 1 | . . . . . . 1 . . . . . . . . . Best Kill Streak 7 | . 3 5 1 2 . 1 1 4 7 2 2 . . . 2 Combat Bots Only 7 | . 3 3 1 2 . 1 1 4 7 . 2 . . . 2 Max Kills in Single Turn 3 | . 1 2 1 1 . 1 1 2 3 1 2 . . . 1 Gunslinging . | . . . . . . . . . . . . . . . . Exploded 3 | . . 2 1 . . . . 2 3 . 2 . . . . Melee 1 | . . . . 1 . 1 1 . 1 . 1 . . . . Uniques/NPCs Destroyed . | . . . . . . . . . . . . . . . . Combat | -11 -10 -9 -8 -7 -7 -7 -6 -5 -5 -4 -4 -4 -4 -3 -3 -------- Run | Scr Mat Mat Mat Fac Was Fac Fac Fac Gar Fac Upp Upp Zhi Pro Res Damage Taken 6050 | . 164 342 164 531 . 202 116 124 780 636 879 116 . 34 1962 Core 2913 | . 71 78 31 176 . 100 37 32 199 255 532 60 . 34 1308 Absorbed by Shields 282 | . . . 27 44 . . . 21 178 12 . . . . . Core Remaining (%) 74 | 100 71 80 94 . . 60 95 . 76 . . . . 21 . Volleys Fired 251 | . 62 106 11 9 . . . 2 18 . 2 . 21 2 18 Largest 2 | . 2 2 2 2 . . . 1 1 . 1 . 1 1 2 Hottest 94 | . 90 43 53 71 . . . 39 39 . 70 . 81 81 94 Shots Fired 327 | . 110 111 16 16 . 1 . 2 18 . 3 . 21 2 27 Gun 289 | . 110 106 11 8 . 1 . . . . 3 . 21 2 27 Cannon 8 | . . . . 8 . . . . . . . . . . . Launcher 30 | . . 5 5 . . . . 2 18 . . . . . . Special . | . . . . . . . . . . . . . . . . Kinetic 215 | . 56 106 11 16 . . . . . . 1 . . . 25 Thermal 69 | . 43 . . . . 1 . . . . . . 21 2 2 Explosive 30 | . . 5 5 . . . . 2 18 . . . . . . Electromagnetic 13 | . 11 . . . . . . . . . 2 . . . . Robot Hit Streak 13 | . 5 13 6 7 . . . 4 5 . 6 . 12 . 4 Robot Miss Streak 9 | . 5 9 1 2 . . . 1 2 . 1 . 1 . 3 Penetration Max . | . . . . . . . . . . . . . . . . Secondary Targets . | . . . . . . . . . . . . . . . . Shots Hit Robots 286 | . 57 67 12 26 . 6 8 4 42 26 4 . 20 . 14 Core Hits 147 | . 23 35 6 9 . 2 3 7 37 5 5 . 4 . 11 Critical Hits 8 | . 1 . 1 . . . 1 . 3 2 . . . . . Critical Kills 4 | . 1 . 1 . . . 1 . 1 . . . . . . Critical Parts Destroyed 4 | . . . . . . . . . 2 2 . . . . . Melee Attacks 218 | . . . 7 37 . 24 13 19 66 48 4 . . . . Impact . | . . . . . . . . . . . . . . . . Slashing 180 | . . . 7 37 . 22 13 19 60 22 . . . . . Piercing 14 | . . . . . . . . . . 10 4 . . . . Sneak Attacks 31 | . . . . 4 . 2 1 3 3 18 . . . . . Combat Hostiles 9 | . . . . . . . . . 3 6 . . . . . Follow-up Attacks . | . . . . . . . . . . . . . . . . Damage Inflicted 9596 | . 684 1069 201 1168 . 126 406 766 3301 823 189 . 503 . 360 Guns 2334 | . 684 643 66 79 . . . . . . 15 . 503 . 344 Cannons 157 | . . . . 157 . . . . . . . . . . . Explosions 2796 | . . 426 110 . . . . 449 1727 . 84 . . . . Melee 4293 | . . . 25 932 . 126 406 317 1574 823 90 . . . . Ramming 16 | . . . . . . . . . . . . . . . 16 Kinetic 1490 | . 201 643 66 236 . . . . . . . . . . 344 Thermal 982 | . 395 . . . . . . . . . 84 . 503 . . Explosive 2712 | . . 426 110 . . . . 449 1727 . . . . . . Electromagnetic 103 | . 88 . . . . . . . . . 15 . . . . Impact . | . . . . . . . . . . . . . . . . Slashing 4073 | . . . 25 932 . 126 406 317 1574 693 . . . . . Piercing 220 | . . . . . . . . . . 130 90 . . . . Highest Corruption 12 | . . . 2 . 7 8 5 . . 12 12 12 11 . 6 Average Corruption 7 | . . . 2 . 7 7 5 . . 12 12 11 5 . 2 Corruption Purged 12 | . . . . . . . . . . . . 1 11 . . Effects 95 | . . . . . 1 13 4 . . 6 27 13 31 . . Message Errors 20 | . . . . . 1 1 1 . . 3 5 2 7 . . Matter Fused 16 | . . . . . . 3 . . . . 3 3 7 . . Heat Flow Errors 12 | . . . . . . 2 2 . . . 4 1 3 . . Energy Discharges 13 | . . . . . . 2 . . . 1 2 . 8 . . Parts Rejected 1 | . . . . . . . . . . . 1 . . . . Data Loss (minor) 13 | . . . . . . 2 1 . . . 5 1 4 . . Data Loss (major) 3 | . . . . . . . . . . . . 2 1 . . Misfires 2 | . . . . . . 1 . . . . 1 . . . . Alerts 1 | . . . . . . . . . . . . 1 . . . Misdirections 12 | . . . . . . . . . . 2 6 3 1 . . Targeting Errors 2 | . . . . . . 2 . . . . . . . . . Overload Shots . | . . . . . . . . . . . . . . . . Overflow Damage 590 | . . 8 . 86 . . 148 42 181 117 8 . . . . Projectiles . | . . . . . . . . . . . . . . . . Explosions 129 | . . 8 . . . . . 42 71 . 8 . . . . Melee 461 | . . . . 86 . . 148 . 110 117 . . . . . Knockbacks . | . . . . . . . . . . . . . . . . Impact . | . . . . . . . . . . . . . . . . Kinetic . | . . . . . . . . . . . . . . . . Secondary . | . . . . . . . . . . . . . . . . Self-Inflicted Damage 113 | . . . . . . . . . 69 . 36 . . . 8 Shots 3 | . . . . . . . . . 2 . 1 . . . . Rammed 4 | . . . . . . . . . . . . . . . 4 Targets Rammed 4 | . . . . . . . . . . . . . . . 4 Kicked . | . . . . . . . . . . . . . . . . Crushed . | . . . . . . . . . . . . . . . . Highest Temperature 331 | . 331 7 12 9 . 178 179 . . . 231 112 248 . . Average Temperature 70 | . 79 2 4 4 . 80 81 . . . 84 69 115 . . Received Heat Transfer 868 | . 48 96 18 258 . 69 42 18 240 13 45 21 . . . Effects 1 | . 1 . . . . . . . . . . . . . . Shutdowns 1 | . 1 . . . . . . . . . . . . . . Siege Activations . | . . . . . . . . . . . . . . . . Robots Corrupted . | . . . . . . . . . . . . . . . . Combat Hostiles . | . . . . . . . . . . . . . . . . Parts Fried . | . . . . . . . . . . . . . . . . Impact Corruptions . | . . . . . . . . . . . . . . . . Robots Melted . | . . . . . . . . . . . . . . . . Combat Hostiles . | . . . . . . . . . . . . . . . . Parts Melted . | . . . . . . . . . . . . . . . . Heat Transferred 1789 | . 999 . . . . . . . . . 50 . 740 . . Parts Sabotaged . | . . . . . . . . . . . . . . . . Parts Stolen . | . . . . . . . . . . . . . . . . Parts Stripped . | . . . . . . . . . . . . . . . . Power Chain Reactions 1 | . . . . . . . . . . . 1 . . . . Missiles Intercepted . | . . . . . . . . . . . . . . . . Alert | -11 -10 -9 -8 -7 -7 -7 -6 -5 -5 -4 -4 -4 -4 -3 -3 ------- Run | Scr Mat Mat Mat Fac Was Fac Fac Fac Gar Fac Upp Upp Zhi Pro Res Peak Influence 1048 | . 157 363 439 402 125 491 245 302 1048 704 . . . . 50 Initial 539 | . . 36 130 199 110 80 142 119 . 539 . . . . . Average 290 | . 88 234 253 289 117 235 207 152 631 601 . . . . 11 Maximum Alert Level 3 | . . 1 2 2 . 2 1 1 3 3 . . . . . Low Security (%) 45 | 100 100 34 43 7 100 48 35 77 14 . . . . . 100 Level 1 31 | . . 65 37 81 . 35 64 22 18 . . . . . . Level 2 15 | . . . 18 10 . 16 . . 13 94 . . . . . Level 3 8 | . . . . . . . . . 53 5 . . . . . Level 4 . | . . . . . . . . . . . . . . . . Level 5 . | . . . . . . . . . . . . . . . . High Security . | . . . . . . . . . . . . . . . . Max Security . | . . . . . . . . . . . . . . . . Squads Dispatched 30 | . 1 4 3 4 . 3 1 5 . 7 . . . . 2 Investigation 17 | . 1 3 3 3 . 2 . 3 . 1 . . . . 1 Extermination 5 | . . . . . . 1 1 1 . 1 . . . . 1 Reinforcement 5 | . . 1 . 1 . . . 1 . 2 . . . . . Assault 3 | . . . . . . . . . . 3 . . . . . Garrison . | . . . . . . . . . . . . . . . . Intercept . | . . . . . . . . . . . . . . . . Construction Impeded 1 | . . . . . . . . 1 . . . . . . . Haulers Reinforced 1 | . . . . 1 . . . . . . . . . . . Stealth | -11 -10 -9 -8 -7 -7 -7 -6 -5 -5 -4 -4 -4 -4 -3 -3 --------- Run | Scr Mat Mat Mat Fac Was Fac Fac Fac Gar Fac Upp Upp Zhi Pro Res Distress Signals 5 | . . 1 1 1 . . . . . 1 . . . . 1 Communications Jammed . | . . . . . . . . . . . . . . . . Distress Signals . | . . . . . . . . . . . . . . . . Times Spotted 206 | . 15 22 10 16 5 25 2 7 37 28 19 9 . 3 8 Peak Tracking Total 19 | . 4 5 8 6 5 10 1 4 6 19 7 7 . 3 5 Tactical Retreats 34 | . . 2 6 5 . 5 . 1 5 4 3 3 . . . Traps | -11 -10 -9 -8 -7 -7 -7 -6 -5 -5 -4 -4 -4 -4 -3 -3 ------- Run | Scr Mat Mat Mat Fac Was Fac Fac Fac Gar Fac Upp Upp Zhi Pro Res Traps Triggered 13 | . 1 . 1 3 . 1 . 1 6 . . . . . . Indirectly . | . . . . . . . . . . . . . . . . Trap Hack Attempts . | . . . . . . . . . . . . . . . . Triggered . | . . . . . . . . . . . . . . . . Disarmed . | . . . . . . . . . . . . . . . . Reprogrammed . | . . . . . . . . . . . . . . . . Reused . | . . . . . . . . . . . . . . . . Traps Extracted . | . . . . . . . . . . . . . . . . Installed . | . . . . . . . . . . . . . . . . Triggered 3 | . . . . . . . . . . . 3 . . . . Machines | -11 -10 -9 -8 -7 -7 -7 -6 -5 -5 -4 -4 -4 -4 -3 -3 ---------- Run | Scr Mat Mat Mat Fac Was Fac Fac Fac Gar Fac Upp Upp Zhi Pro Res Machines Disabled 7 | . . 3 . 1 . . . . 3 . . . . . . Max in Single Turn 1 | . . 1 . 1 . . . . 1 . . . . . . Garrison Access 1 | . . . . . . . . . . 1 . . . . . Garrison Relay 3 | . . . . . . . . . 3 . . . . . . Machines Sabotaged . | . . . . . . . . . . . . . . . . Garrisons Compromised . | . . . . . . . . . . . . . . . . Overloaded Fab Kills . | . . . . . . . . . . . . . . . . Fab Network Shutdowns . | . . . . . . . . . . . . . . . . Hacking | -11 -10 -9 -8 -7 -7 -7 -6 -5 -5 -4 -4 -4 -4 -3 -3 --------- Run | Scr Mat Mat Mat Fac Was Fac Fac Fac Gar Fac Upp Upp Zhi Pro Res Machines Accessed 54 | . 6 6 8 7 . 4 4 8 . 4 . . 5 . 2 Terminals 35 | . 6 5 7 3 . 3 3 4 . 3 . . . . 1 Fabricators 1 | . . . . . . . . . . . . . . . 1 Repair Stations 2 | . . . . 1 . . . 1 . . . . . . . Recycling Units 4 | . . . 1 1 . . 1 1 . . . . . . . Scanalyzers 5 | . . 1 . 2 . 1 . 1 . . . . . . . Garrison Access 2 | . . . . . . . . 1 . 1 . . . . . Total Hacks 190 | . 18 25 26 23 . 12 18 34 . 13 . . 15 . 6 Successful 109 | . 10 12 12 13 . 6 12 22 . 5 . . 15 . 2 Failed 81 | . 8 13 14 10 . 6 6 12 . 8 . . . . 4 Catastrophic 9 | . . 2 2 1 . 2 . 1 . 1 . . . . . Database Lockouts . | . . . . . . . . . . . . . . . . Manual 89 | . 7 18 18 14 . 4 8 12 . 4 . . . . 4 Terminals 139 | . 18 23 25 13 . 9 15 22 . 10 . . . . 4 Fabricators 2 | . . . . . . . . . . . . . . . 2 Repair Stations 7 | . . . . 4 . . . 3 . . . . . . . Recycling Units 8 | . . . 1 1 . . 3 3 . . . . . . . Scanalyzers 15 | . . 2 . 5 . 3 . 5 . . . . . . . Garrison Access 4 | . . . . . . . . 1 . 3 . . . . . Terminal Hacks 49 | . 7 4 4 4 . 2 4 8 . 1 . . 15 . . Record 4 | . . . . . . . . 1 . . . . 3 . . Part Schematic 8 | . . . . 2 . . 1 1 . . . . 4 . . Robot Analysis 12 | . 2 3 . 1 . . 1 1 . . . . 4 . . Prototype ID Bank 4 | . . . . . . . . . . . . . 4 . . Level Access Points 2 | . . . 1 . . . . 1 . . . . . . . Branch Access Points 1 | . . . . . . . . 1 . . . . . . . Terminal Index 2 | . . . . . . 1 1 . . . . . . . . Fabricator Index 1 | . . . . . . . . 1 . . . . . . . Scanalyzer Index 1 | . 1 . . . . . . . . . . . . . . Garrison Index 3 | . . . . . . 1 1 . . 1 . . . . . Alert Level 2 | . 1 . . . . . . 1 . . . . . . . Locate Traps 1 | . 1 . . . . . . . . . . . . . . Recall Investigation 2 | . . . 1 1 . . . . . . . . . . . Recall Reinforcements 1 | . . . . . . . . 1 . . . . . . . Hauler Manifests 1 | . 1 . . . . . . . . . . . . . . Zone Layout 4 | . 1 1 2 . . . . . . . . . . . . Fabricator Hacks 2 | . . . . . . . . . . . . . . . 2 Load Schematic 1 | . . . . . . . . . . . . . . . 1 Build 1 | . . . . . . . . . . . . . . . 1 Repair Station Hacks 4 | . . . . 2 . . . 2 . . . . . . . Scan Component 2 | . . . . 1 . . . 1 . . . . . . . Repair 2 | . . . . 1 . . . 1 . . . . . . . Recycling Unit Hacks 4 | . . . 1 . . . 2 1 . . . . . . . Report Inventory 3 | . . . 1 . . . 1 1 . . . . . . . Retrieve Components 1 | . . . . . . . 1 . . . . . . . . Scanalyzer 10 | . . 2 . 2 . 2 . 4 . . . . . . . Insert Component 6 | . . 1 . 2 . 1 . 2 . . . . . . . Analyze 4 | . . 1 . . . 1 . 2 . . . . . . . Garrison Access Hacks 3 | . . . . . . . . 1 . 2 . . . . . Unlock Access 1 | . . . . . . . . 1 . . . . . . . Seal Access 1 | . . . . . . . . . . 1 . . . . . Coupler Status 1 | . . . . . . . . . . 1 . . . . . Unauthorized Hacks 37 | . 3 6 7 5 . 2 6 6 . 2 . . . . . Terminals 34 | . 3 6 7 5 . 2 6 4 . 1 . . . . . Track 8 | . 1 1 1 1 . 1 2 1 . . . . . . . Assimilate 2 | . . . . 1 . . . 1 . . . . . . . Botnet 18 | . 2 4 4 2 . 1 3 2 . . . . . . . Disrupt 1 | . . . 1 . . . . . . . . . . . . Operators 5 | . . 1 1 1 . . 1 . . 1 . . . . . Fabricators . | . . . . . . . . . . . . . . . . Repair Stations . | . . . . . . . . . . . . . . . . Recycling Units 2 | . . . . . . . . 2 . . . . . . . Reject 1 | . . . . . . . . 1 . . . . . . . Recyclers 1 | . . . . . . . . 1 . . . . . . . Scanalyzers . | . . . . . . . . . . . . . . . . Garrison Access 1 | . . . . . . . . . . 1 . . . . . Watchers 1 | . . . . . . . . . . 1 . . . . . Data Cores Recovered 1 | . . . . . . . 1 . . . . . . . . Used . | . . . . . . . . . . . . . . . . Hacking Detections 45 | . 6 6 7 7 . 4 3 6 . 4 . . . . 2 Full Trace Events 17 | . 1 3 3 3 . 2 . 3 . 1 . . . . 1 Feedback Events 3 | . . . . . . 1 . 1 . . . . . . 1 Corruption 2 | . . . . . . 1 . . . . . . . . 1 Hackware Fried 1 | . . . . . . . . 1 . . . . . . . Feedback Blocked . | . . . . . . . . . . . . . . . . Robot Schematics Acquired . | . . . . . . . . . . . . . . . . Robots Built . | . . . . . . . . . . . . . . . . Matter . | . . . . . . . . . . . . . . . . Time . | . . . . . . . . . . . . . . . . Total Robot Build Rating . | . . . . . . . . . . . . . . . . Part Schematics Acquired 12 | . . 1 . 2 . 1 1 3 . . . . 4 . . Parts Built 2 | . . . . . . . . . . . . . . . 2 Matter 190 | . . . . . . . . . . . . . . . 190 Time 31 | . . . . . . . . . . . . . . . 31 Total Part Build Rating 10 | . . . . . . . . . . . . . . . 10 Parts Repaired 2 | . . . . 1 . . . 1 . . . . . . . Time 37 | . . . . 19 . . . 18 . . . . . . . Parts Recycled . | . . . . . . . . . . . . . . . . Recycled Matter . | . . . . . . . . . . . . . . . . Retrieved Matter . | . . . . . . . . . . . . . . . . Retrieved Components 3 | . . . . . . . 3 . . . . . . . . Parts Scanalyzed 5 | . . 1 . 2 . 1 . 1 . . . . . . . Part Schematics Acquired 4 | . . 1 . . . 1 . 2 . . . . . . . Parts Damaged . | . . . . . . . . . . . . . . . . Bothacking | -11 -10 -9 -8 -7 -7 -7 -6 -5 -5 -4 -4 -4 -4 -3 -3 ------------ Run | Scr Mat Mat Mat Fac Was Fac Fac Fac Gar Fac Upp Upp Zhi Pro Res Used RIF Installer 1 | . . . . . . . . . 1 . . . . . . Robots Hacked 10 | . . . . . . 1 . . 3 6 . . . . . Non-combat 7 | . . . . . . 1 . . . 6 . . . . . Combat 3 | . . . . . . . . . 3 . . . . . . Robot Hacks Applied 11 | . . . . . . 1 . . 4 6 . . . . . no_distress 1 | . . . . . . 1 . . . . . . . . . find_chute 1 | . . . . . . . . . . 1 . . . . . ignore_repairs 3 | . . . . . . . . . . 3 . . . . . find_fabricator 1 | . . . . . . . . . . 1 . . . . . map_route 1 | . . . . . . . . . . 1 . . . . . wipe_record 2 | . . . . . . . . . 2 . . . . . . disable_weapons 1 | . . . . . . . . . 1 . . . . . . overwrite_iff 1 | . . . . . . . . . 1 . . . . . . Relay Couplers Released 11 | . . . . . . . . . 11 . . . . . . Machine Destruction 11 | . . . . . . . . . 11 . . . . . . Attached 5 | . . . . . . . . . 3 1 . . . . 1 Robots Rewired 4 | . . . . . . . . . . 4 . . . . . Allies Hacked . | . . . . . . . . . . . . . . . . Hacks Repelled . | . . . . . . . . . . . . . . . . Allies | -11 -10 -9 -8 -7 -7 -7 -6 -5 -5 -4 -4 -4 -4 -3 -3 -------- Run | Scr Mat Mat Mat Fac Was Fac Fac Fac Gar Fac Upp Upp Zhi Pro Res Total Allies 7 | . . . . 1 . . . 1 1 4 . . . . . Largest Group 4 | . . . . 1 1 . . 1 1 4 . . . . . Highest-Rated Group 189 | . . . . 10 10 . . 10 29 189 . . . . . Highest-Rated Ally 60 | . . . . 10 10 . . 10 29 60 . . . . . Total Orders 10 | . . . . . . . . 2 . 2 . . . 6 . STAY 3 | . . . . . . . . 1 . . . . . 2 . FOLLOW 1 | . . . . . . . . 1 . . . . . . . GUARD 2 | . . . . . . . . . . 2 . . . . . RETURN 4 | . . . . . . . . . . . . . . 4 . Ally Attacks 21 | . . . . . . . . . 3 18 . . . . . Total Damage 664 | . . . . . . . . . 56 608 . . . . . Kills 5 | . . . . . . . . . 1 4 . . . . . Allies Corrupted . | . . . . . . . . . . . . . . . . Allies Melted 1 | . . . . . . . . . 1 . . . . . . Intel | -11 -10 -9 -8 -7 -7 -7 -6 -5 -5 -4 -4 -4 -4 -3 -3 ------- Run | Scr Mat Mat Mat Fac Was Fac Fac Fac Gar Fac Upp Upp Zhi Pro Res Robot Analysis Total 12 | . 2 3 . 1 . . 1 1 . . . . 4 . . Derelict Logs Recovered 6 | . . . . . . . . . . . 3 3 . . . Drone Launches 6 | . . . . . . . . . . . . . . 6 . Drone Recoveries 6 | . . . . . . . . . . . . . . 6 . Exploration | -11 -10 -9 -8 -7 -7 -7 -6 -5 -5 -4 -4 -4 -4 -3 -3 ------------- Run | Scr Mat Mat Mat Fac Was Fac Fac Fac Gar Fac Upp Upp Zhi Pro Res Turns Passed 8409 | 23 522 559 337 627 37 408 269 868 747 515 531 298 1704 645 319 Spaces Moved 8169 | 23 604 669 313 932 74 500 368 977 896 833 495 430 338 496 221 Core 1401 | 23 111 . 128 206 . 24 14 . 3 3 148 296 338 17 90 Treads . | . . . . . . . . . . . . . . . . Legs . | . . . . . . . . . . . . . . . . Wheels . | . . . . . . . . . . . . . . . . Hover . | . . . . . . . . . . . . . . . . Flight 6768 | . 493 669 185 726 74 476 354 977 893 830 347 134 . 479 131 Fastest Speed 26 | 50 37 37 37 26 32 32 32 32 34 34 30 40 50 40 37 Average Speed 44 | 89 49 37 59 38 32 35 36 35 37 35 69 46 94 40 61 Slowest Speed 230 | 100 117 37 100 100 32 100 150 40 100 120 230 50 150 50 200 Overloaded Moves 47 | . . . . 8 . . . . . . 39 . . . . Propulsion Burnouts . | . . . . . . . . . . . . . . . . Robots Hopped 40 | . 4 14 4 3 . 6 1 3 3 1 . . . . 1 Cave-ins Triggered 2 | . . . 1 . . . . . . 1 . . . . . Teleports 1 | . . . . . . . . . . . . . 1 . . Exploration Rate (%) 38 | 4 70 30 34 19 80 10 10 22 62 25 52 60 63 67 7 Regions Visited 15 Branch Regions 4 Pre-discovered Areas 3 | . . . . . . . . . . . 2 . 1 . . Known Exits Taken 7 | . . . 1 . . . . 1 . 1 1 1 1 1 . Unknown Exits Taken 5 | 1 1 1 . . . 1 1 . . . . . . . . Scrap Searched 6 | . . . . . . . . . . . 3 2 . 1 . Spaces Dug 72 | . . . 6 5 . 18 5 16 5 17 . . . . . Terrain Destroyed 360 | . . 30 48 5 . 18 5 28 206 17 3 . . . . Melee 72 | . . . 6 5 . 18 5 16 5 17 . . . . . Projectile . | . . . . . . . . . . . . . . . . AOE 288 | . . 30 42 . . . . 12 201 . 3 . . . . Terrain Rammed . | . . . . . . . . . . . . . . . . Walls Destroyed . | . . . . . . . . . . . . . . . . Machines Disabled . | . . . . . . . . . . . . . . . . Actions | -11 -10 -9 -8 -7 -7 -7 -6 -5 -5 -4 -4 -4 -4 -3 -3 --------- Run | Scr Mat Mat Mat Fac Was Fac Fac Fac Gar Fac Upp Upp Zhi Pro Res Total 12295 | 24 721 874 429 1120 87 708 487 1465 1192 977 671 525 1701 939 375 Wait 3315 | . 34 100 82 115 12 176 90 421 93 72 146 90 1334 432 118 Move 8078 | 22 595 640 306 926 73 488 365 970 890 829 494 429 337 495 219 Hop 36 | . 4 14 2 3 . 5 1 3 2 1 . . . . 1 Pick Up 41 | . 6 2 2 4 1 1 2 5 8 2 5 2 . . 1 Fast Attach 88 | 2 12 . 7 10 . 5 6 9 3 9 8 2 4 2 9 Attach 47 | . 1 4 4 6 . 3 1 3 8 4 6 . 1 4 2 Detach 25 | . 2 1 4 4 . 2 1 . 1 1 3 1 1 4 . Swap 25 | . 1 5 1 . . 1 . 4 10 3 . . . . . Drop 60 | . 4 2 3 6 1 3 8 11 7 7 3 1 1 . 3 Fire 251 | . 62 106 11 9 . . . 2 18 . 2 . 21 2 18 Melee 218 | . . . 7 37 . 24 13 19 66 48 4 . . . . Ram 4 | . . . . . . . . . . . . . . . 4 Kick . | . . . . . . . . . . . . . . . . Crush . | . . . . . . . . . . . . . . . . Escape Stasis 105 | . . . . . . . . 18 86 1 . . . . . Rewire 2 | . . . . . . . . . . . . . 2 . . Trap . | . . . . . . . . . . . . . . . . Miscellaneous . | . . . . . . . . . . . . . . . . Route ------- -11/Scrapyard -10/Materials (discovered 2 exits: *Mat / [Min]) -9/Materials -8/Materials (discovered 3 exits: *Fac x3) -7/Factory (discovered 2 exits: *Fac / [*Low]) -7/Waste -7/Factory -6/Factory -5/Factory (discovered 7 exits: Fac x4 / Upp x2 / Gar) -5/Garrison (discovered 2 exits: *Fac x2) -4/Factory -4/Upper Caves -4/Upper Caves -4/Zhirov -3/Proximity Caves -3/Research (discovered 1 exit: Tes) History --------- Turn | Location | Event 9 | -11/Scrapyard | Discovered new exit (range 16) 24 | -11/Scrapyard | Entered Materials 315 | -10/Materials | Discovered new exit (range 16) 441 | -10/Materials | Discovered new exit (range 8) 486 | -10/Materials | Build established: Scavenger-Mutant 546 | -10/Materials | Entered another Materials area 546 | -9/Materials | Evolved 2 slots: Utility x2 784 | -9/Materials | Discovered new exit (range 10) 1105 | -9/Materials | Entered another Materials area 1105 | -8/Materials | Evolved 2 slots: Utility x2 1307 | -8/Materials | Crushed by falling debris 1370 | -8/Materials | Identified exit to Factory 1442 | -8/Materials | Entered Factory 1442 | -7/Factory | Evolved 2 slots: Utility x2 1532 | -7/Factory | Build established: Mutant 1629 | -7/Factory | Lost 4 parts (1p2u1w) 1732 | -7/Factory | Discovered new exit (range 6) 1937 | -7/Factory | Discovered new exit (range 14) 2027 | -7/Factory | Build established: Sprinter 2048 | -7/Factory | Repaired Adv. Weight Redist. System 2069 | -7/Factory | Manually triggered Chute Trap 2069 | -7/Factory | Sucked down chute 2069 | -7/Factory | Entered Waste 2078 | -7/Waste | Spotted C-40 Crusher 2080 | -7/Waste | 1 allies followed down the chute 2082 | -7/Waste | Spotted C-40 Crusher 2083 | -7/Waste | Spotted C-40 Crusher 2083 | -7/Waste | Spotted C-40 Crusher 2083 | -7/Waste | Spotted C-40 Crusher 2084 | -7/Waste | EMP discharged 2093 | -7/Waste | Spotted C-40 Crusher 2097 | -7/Waste | Discovered new exit (range 12) 2106 | -7/Waste | Entered Factory 2276 | -7/Factory | Discovered new exit (range 9) 2514 | -7/Factory | Entered another Factory area 2514 | -6/Factory | Evolved 2 slots: Utility x2 2673 | -6/Factory | Discovered new exit (range 12) 2783 | -6/Factory | Entered another Factory area 2783 | -5/Factory | Evolved 2 slots: Utility x2 3021 | -5/Factory | System Shield fried by hacking feedback 3065 | -5/Factory | Found Prototype Processor 3065 | -5/Factory | Identified Exp. Signal Interpreter 3363 | -5/Factory | Build established: Hacker-Scout 3562 | -5/Factory | Repaired Mic. Fission Core 3578 | -5/Factory | Identified exit to Upper Caves 3588 | -5/Factory | Identified exit to Factory 3647 | -5/Factory | Identified exit to Garrison 3651 | -5/Factory | Entered Garrison 3651 | -5/Garrison | Accompanied by 1 ally 3700 | -5/Garrison | Triggered checkpoint 3720 | -5/Garrison | Triggered checkpoint 3732 | -5/Garrison | Garrison Relay disabled 3800 | -5/Garrison | Destroyed 7 combat bots 3870 | -5/Garrison | Triggered checkpoint 3878 | -5/Garrison | Discovered exit to Factory (range 19) 3950 | -5/Garrison | Triggered checkpoint 4006 | -5/Garrison | Garrison Relay disabled 4124 | -5/Garrison | Lost 3 parts (1n1u1w) 4242 | -5/Garrison | Discovered exit to Factory (range 19) 4256 | -5/Garrison | Installed Relay Interface Framework 4269 | -5/Garrison | Garrison Relay disabled 4286 | -5/Garrison | Triggered checkpoint 4376 | -5/Garrison | Triggered checkpoint 4398 | -5/Garrison | Entered Factory 4398 | -4/Factory | Evolved 2 slots: Utility x2 4414 | -4/Factory | Discovered new exit (range 86) 4648 | -4/Factory | First assault squad dispatched 4836 | -4/Factory | Crushed by falling debris 4837 | -4/Factory | System corruption reached 10% 4867 | -4/Factory | Lost 3 parts (1n2u) 4911 | -4/Factory | Identified exit to Upper Caves 4913 | -4/Factory | Entered Upper Caves 4933 | -4/Upper Caves | Lost 8 parts (1p1n5u1w) 4944 | -4/Upper Caves | Learned location of Armory (-3) 5053 | -4/Upper Caves | Attacked by a faux Warlord 5073 | -4/Upper Caves | Learned 4 Research zone layouts 5112 | -4/Upper Caves | Build established: Wizard-Mutant 5123 | -4/Upper Caves | Attracted the attention of an 0b10 checkpoint 5195 | -4/Upper Caves | Learned location of Quarantine (-2) 5208 | -4/Upper Caves | Core integrity fell below 50% 5284 | -4/Upper Caves | Lost 5 parts (1n2u2w) 5436 | -4/Upper Caves | Discovered new exit (range 11) 5440 | -4/Upper Caves | Identified exit to Upper Caves 5444 | -4/Upper Caves | Entered another Upper Caves area 5508 | -4/Upper Caves | Build established: Hacker-Mutant 5625 | -4/Upper Caves | Learned Research stockpile data 5730 | -4/Upper Caves | Discovered new exit (range 6) 5732 | -4/Upper Caves | Learned location of 1 exit from Research 5736 | -4/Upper Caves | Identified exit to Zhirov 5742 | -4/Upper Caves | Entered Zhirov 5742 | -4/Zhirov | Discovered new exit (range 3) 5744 | -4/Zhirov | Identified exit to Proximity Caves 5756 | -4/Zhirov | Met Zhirov 5770 | -4/Zhirov | Found Alien Artifact 5770 | -4/Zhirov | Identified Transdimensional Reconstructor 5770 | -4/Zhirov | Warped through subspace 6128 | -4/Zhirov | Found Alien Artifact 6128 | -4/Zhirov | Identified Integrated Dissipator 6128 | -4/Zhirov | Installed Integrated Dissipator, increased core heat dissipation (+20) 7290 | -4/Zhirov | Learned location of Command (-1) 7303 | -4/Zhirov | Zhirov requested help retrieving the SGEMP Prototype 7446 | -4/Zhirov | Entered Proximity Caves 7518 | -3/Proximity Caves | Build established: Wizard-Mutant 8063 | -3/Proximity Caves | Spotted B-86 Titan 8085 | -3/Proximity Caves | Discovered new exit (range 16) 8091 | -3/Proximity Caves | Identified exit to Research 8091 | -3/Proximity Caves | Entered Research 8091 | -3/Research | Evolved 2 slots: Utility x2 8092 | -3/Research | Identified exit to Testing 8204 | -3/Research | Fabricated Nuclear Pulse Thruster (x2) 8260 | -3/Research | Core integrity fell below 50% 8261 | -3/Research | Released all parts (8) 8278 | -3/Research | Lost 8 parts (1n5u2w) 8285 | -3/Research | Core integrity fell below 20% 8410 | -3/Research | Destroyed by P-80 Master with Gamma Rifle Last Messages --------------- 08319_ S-43 Plague destroyed. 08334_ Acquired Hvy. Machine Gun. 08338_ Acquired Xenon Bombardment Thruster. 08341_ ALERT: Rogue bot located, Programmers report to Research Zone 9H. 08341_ Acquired Xenon Bombardment Thruster. 08342_ Acquired 32 matter. 08343_ Acquired Unknown Reactor. 08343_ Identified Lgt. Antimatter Reactor. 08355_ K-01 Serf destroyed. 08364_ Acquired 24 matter. 08366_ Dropped Lgt. Antimatter Reactor. 08366_ Acquired Lgt. Ion Engine. 08376_ Acquired Adv. Datajack. 08380_ K-01 Serf destroyed. 08389_ W-44 Eye sends out distress signal. 08399_ Lgt. Ion Engine destroyed. 08405_ Xenon Bombardment Thruster destroyed. 08405_ Critical hit. 08405_ Hvy. Machine Gun destroyed. 08407_ Xenon Bombardment Thruster destroyed. Map ----- +----------------------------------------------------+ | ?????????????????????????????????????????????????? | | ?????????????????????????????????????????????????? | | ?????????????????????????????????????????????????? | | ?????????????????????????????????????????????????? | | ?????????????????????????????????????????????????? | | ?????????????????????????????????????????????????? | | ?????????????????????????????????????????????????? | | ?????????????????????????????????????????????????? | | ?????????????????????????????????????????????????? | | ?????????????????????????????????????????????????? | | ?????????????????????????????????????????????????? | | ?????????????????????????????????????????????????? | | ?????????????????????????????????????????????????? | | ?????????????????? ??????????????????????????????? | | ?????????????????? ??????????????????????????????? | | ??????????????????? ?????????????????????????????? | | ??????????????????? ########?????????????????????? | | # ""????? #?????????????????????? | | ######### ?????? #?????????????????????? | | ????????# ?????? #?????????????????????? | | ????????# ??????? +?????????????????????? | | ????????#######???????#pp #?????????????????????? | | ?????????# ???????# w #?????????????????????? | | ?????????# ???????# #?????????????????????? | | ?????????# ???????# #?????????????????????? | | ?????????# ???????# @ #?????????????????????? | | ?????????# ???????# #?????????????????????? | | ?????????######???????# +?????????????????????? | | ?????????????# ???????# #?????????????????????? | | ?????????????# ???????# #?????????????????????? | | ?????????????# ???"""?# #?????????????????????? | | ?????????????# ???"""?# #?????????????????????? | | ?????????????# """"# #?????????????????????? | | ?????????????# """"# #?????????????????????? | | ?????????????# ?? +%= #?????????????????????? | | ?????????????# ???????# #?????????????????????? | | ?????????????# ???????# #?????????????????????? | | ????????????########### #?????????????????????? | | ????????????# # #######???????????????? | | ????????????# # ????????? | | ????????????#! """ # #######???????????????? | | ????????????# """" + #?????????? ????????? | | ????????????? """" # #????????# ????????? | | ????????????# """ # #??####??# ????=???? | | ????????????# # #? """??# ????????? | | ????????????# # #? """"??# ????????? | | ????????????########### # """" + ????????? | | ????????????# = # # """ # ????????? | | ????????????# + + # ????????? | | ????????????# """ # # ! # ????????? | +----------------------------------------------------+ Best States ------------- Heat Dissipation 66 Energy Generation 21 Energy Capacity 470 Matter Stores 300 Matter Capacity 300 Sight Range 22 Robot Scan Range 16 Terrain Scan Density 210 Jamming Range 16 Cloak Strength 2 Power Amplification 20 Additional Mass Support 9 Resistance: KI 25 Point Defense Rating 80 Melee Speed Boost 40 Evasion (%) 68 Targeting Accuracy 8 Target Analysis 5 Offensive Hacking 34 Defensive Hacking 40 Relay Coupler Types 83 Relay Coupler Value 3 Item Schematics ----------------- Flight Unit | -9/Materials | Scanalyzed Adv. Weight Redist. System | -7/Factory | Hacked Actuator Array | -7/Factory | Hacked Adv. Hacking Suite | -7/Factory | Scanalyzed Nuclear Pulse Thruster | -6/Factory | Hacked Smartbomb Launcher | -5/Factory | Hacked Power Sword | -5/Factory | Scanalyzed Cld. VTOL Module | -5/Factory | Scanalyzed Assault Drone Bay | -4/Zhirov | Free Exp. Heat Sink | -4/Zhirov | Free Exp. Optical Array | -4/Zhirov | Free Imp. Arc Thrower | -4/Zhirov | Free Robot Schematics ------------------ None Fabricated ------------ Nuclear Pulse Thruster | x2 | -3/Research Alien Tech Used ----------------- Transdimensional Reconstructor Integrated Dissipator Achievements -------------- None Challenges ------------ None Game ------ Seed TransportPoweredThruster Manual? 0 Play Time 02:44:55 Cumulative 133.7 hours Start 2021.03.07 @ 04:56:12 End 2021.03.11 @ 23:12:25 Sessions 5 Manual Loads 0 Difficulty Rogue Special Mode None Game No. 192 Rogue 168 Adventurer 22 Explorer 2 Win Type - Total 1 Types 1/0/0/0/0/0/0/0/0 Lore% 52 Gallery% 56 Achievement% 45 Wizard Run 0 Options --------- ASCII 0 Keyboard 0 Movement Numpad Keybinds 0 Fullscreen 1 Font 14/SmallcapsGlow Map View 84x54 Tactical HUD 1 Map Filters NONE Filters NONE Steam 1 RUN: 278c52cf-57db-4f88-b24a-5b7f6815eaf6